[Event "*** SCC Grand Prix: Titled Tuesday Blitz"]
[Site "Chess.com"]
[Date "2020.09.29"]
[Round "3"]
[White "grunbergmihai"]
[Black "MarkoPe"]
[Result "1-0"]
[WhiteElo "2465"]
[BlackElo "2151"]
[TimeControl "180+1"]
[EndTime "10:26:24 PDT"]
[Termination "grunbergmihai won by resignation"]

1. Nf3 c5 2. c4 Nf6 3. d4 cxd4 4. Nxd4 Nc6 5. Nc3 g6 6. e4 d6 7. Be2 Nxd4 8. Qxd4 Bg7 9. Bg5 O-O 10. Qd2 Qa5 11.
f3 Be6 12. Rc1 Rfc8 13. b3 a6 14. Na4 Qxd2+ 15. Kxd2 Rc6 16. Be3 Nd7 17. c5 dxc5 18.
Nxc5 Nxc5 19. Rxc5 Rxc5 20. Bxc5 Kf8 21. Ke3 Ke8 22. Rd1 Rd8 23. Rxd8+ Kxd8 24. f4 Bd7 25. g4 Bc6 26. g5 Kd7 27. h4 e6 28. h5 Bb2 29. h6 Bc1+ 30. Kf3 e5 31. Be3 Bxe3 32.
Kxe3 exf4+ 33. Kxf4 Ke6 34. Bc4+ Ke7 35. Ke5 a5 36. Bd5 Bxd5 37. exd5 b6 38. a4 Ke8 39.
Kf6 Kf8 40. d6 Ke8 41. Kg7 Kd7 42. Kxh7 Kxd6 43. Kg7 Kc5 44. h7 1-0

[Event "*** SCC Grand Prix: Titled Tuesday Blitz"]
[Site "Chess.com"]
[Date "2020.09.29"]
[Round "3"]
[White "UmarovSabir"]
[Black "Joshukid"]
[Result "0-1"]
[WhiteElo "2375"]
[BlackElo "2580"]
[TimeControl "180+1"]
[EndTime "10:26:25 PDT"]
[Termination "Joshukid won on time"]

1. e4 g6 2. d4 Bg7 3. Nc3 d5 4. exd5 Nf6 5. Bc4 Nbd7 6. Qf3 Nb6 7. Bb5+ Bd7 8. Bxd7+ Qxd7 9. Nge2 Nbxd5 10. Nxd5 Nxd5 11. O-O O-O 12. c3 c6 13. Bg5 b5 14. Rad1 e6 15.
Ng3 h6 16. Bc1 f5 17. Rfe1 Rfe8 18. Ne2 g5 19. Ng3 g4 20. Qd3 Qf7 21. b3 h5 22.
c4 bxc4 23. bxc4 Nb4 24. Qb3 Rab8 25. Qa4 h4 26. Ne2 h3 27. g3 c5 28. dxc5 Qb7 29.
c6 Nxc6 30. Nf4 e5 31. Nd5 Ne7 32. Bg5 Nxd5 33. Rxd5 Rbc8 34. Red1 Rf8 35. Qd7 Rc7 36. Qe6+ Rcf7 37. c5 Qb2 38. c6 Qe2 39. Rd7 Qf3 40. Qd5 e4 0-1

[Event "*** SCC Grand Prix: Titled Tuesday Blitz"]
[Site "Chess.com"]
[Date "2020.09.29"]
[Round "3"]
[White "BilodeauA"]
[Black "Koksik_13"]
[Result "1-0"]
[WhiteElo "2885"]
[BlackElo "2655"]
[TimeControl "180+1"]
[EndTime "10:26:26 PDT"]
[Termination "BilodeauA won by resignation"]

1. e4 e6 2. d4 d5 3. Nd2 Nf6 4.
e5 Nfd7 5. f4 c5 6. c3 Nc6 7.
Ndf3 Qb6 8. h4 f6 9. Bd3 Be7 10. Ne2 cxd4 11. cxd4 Nf8 12. a3 Bd7 13. b4 f5 14. h5 O-O-O 15. Bd2 Kb8 16. Bc3 Rc8 17. Qd2 a6 18. Kf2 g6 19. Rhb1 Na7 20. a4 Bd8 21. h6 Rg8 22. Ng5 Bxg5 23. fxg5 Qd8 24. b5 a5 25. Bxa5 b6 26. Bb4 f4 27. a5 Qxg5 28. axb6 Qh4+ 29. Kg1 Nxb5 30. Bxb5 Bxb5 31. Bd6+ Kb7 1-0

[Event "*** SCC Grand Prix: Titled Tuesday Blitz"]
[Site "Chess.com"]
[Date "2020.09.29"]
[Round "3"]
[White "Zkid"]
[Black "GjakanTati"]
[Result "1-0"]
[WhiteElo "2819"]
[BlackElo "2627"]
[TimeControl "180+1"]
[EndTime "10:26:26 PDT"]
[Termination "Zkid won by resignation"]

1. e4 e5 2. Nf3 Nc6 3. Bc4 Bc5 4. c3 Nf6 5. d3 d6 6. a4 a6 7. Bg5 h6 8. Bh4 g5 9. Bg3 Nh7 10. Nbd2 Qf6 11. b4 Ba7 12. Nb3 h5 13. h4 g4 14.
Nfd2 Nf8 15. b5 Ne7 16. bxa6 bxa6 17. Nf1 Nfg6 18. Ne3 Nf4 19. d4 Neg6 20. f3 Be6 21.
Bxe6 Qxe6 22. Nf5 Qc4 23. fxg4 Qxc3+ 24. Kf1 Qc4+ 25. Kg1 Ne2+ 26. Kh2 Nxg3 27. Kxg3 hxg4 28. Rc1 Qb4 29. Rxc7 O-O 30. h5 Rab8 31. hxg6 Qxb3+ 32. Qxb3 Rxb3+ 33. Kxg4 Bxd4 34. g7 1-0

[Event "*** SCC Grand Prix: Titled Tuesday Blitz"]
[Site "Chess.com"]
[Date "2020.09.29"]
[Round "3"]
[White "redbaron8888"]
[Black "checkmatequen"]
[Result "1-0"]
[WhiteElo "2511"]
[BlackElo "2293"]
[TimeControl "180+1"]
[EndTime "10:26:26 PDT"]
[Termination "redbaron8888 won on time"]

1. e4 c5 2. Nf3 e6 3. d4 cxd4 4. Nxd4 a6 5. Bd3 Nf6 6. O-O Qc7 7. c4 Nc6 8. Nf3 Be7 9. Nc3 O-O 10. Re1 d6 11.
Bg5 Ne5 12. Rc1 b6 13. Nd4 Bb7 14. Kh1 Qc5 15. Be3 Nxd3 16. Qxd3 Qh5 17. f3 d5 18.
exd5 Bd6 19. Bg1 exd5 20. Nf5 Bf4 21. Ne7+ Kh8 22. Rcd1 dxc4 23. Qxc4 Bb8 24. Nc6 Rc8 25. Rd8+ Rxd8 26. Nxd8 Kg8 27. Nxb7 Bg3 28. Re7 b5 29. Qc5 Qh6 30. Ne4 Nxe4 31. Rxe4 Rb8 32. Na5 Rf8 33.
Nc6 Bc7 34. Ne7+ Kh8 35. Qxc7 1-0

[Event "*** SCC Grand Prix: Titled Tuesday Blitz"]
[Site "Chess.com"]
[Date "2020.09.29"]
[Round "3"]
[White "TrimitziosP7"]
[Black "ORS1984"]
[Result "1-0"]
[WhiteElo "2831"]
[BlackElo "2527"]
[TimeControl "180+1"]
[EndTime "10:26:30 PDT"]
[Termination "TrimitziosP7 won on time"]

1. e4 c5 2. b4 cxb4 3. a3 bxa3 4. c3 d6 5. Nxa3 e6 6. d4 Nf6 7. Bd3 Be7 8. Ne2 O-O 9. O-O Nc6 10. h3 b6 11. Be3 Bb7 12. f4 Na5 13. Qc2 h6 14. g4 d5 15. e5 Ne4 16. f5 Bg5 17. Nf4 Qc8 18. fxe6 fxe6 19. Rac1 Re8 20. Ng2 Ba6 21.
Bxg5 hxg5 22. c4 Nxc4 23. Bxe4 Nxa3 24. Bh7+ Kh8 25. Qg6 Qd7 26. Qh5 g6 27. Bxg6+ Kg8 28. Rf7 1-0

[Event "*** SCC Grand Prix: Titled Tuesday Blitz"]
[Site "Chess.com"]
[Date "2020.09.29"]
[Round "3"]
[White "LubovMarkelova"]
[Black "carlsen1001"]
[Result "0-1"]
[WhiteElo "2233"]
[BlackElo "2435"]
[TimeControl "180+1"]
[EndTime "10:26:30 PDT"]
[Termination "carlsen1001 won on time"]

1. Nf3 Nf6 2. c4 e6 3. Nc3 d5 4. e3 b6 5. d4 Bb7 6. b3 Bb4 7.
Bb2 O-O 8. Bd3 Ne4 9. Rc1 Nd7 10. O-O f5 11. Ne2 Bd6 12. Ne5 Bxe5 13. dxe5 Ndc5 14.
Bb1 dxc4 15. Rxc4 Ba6 16. Rd4 Qg5 17. b4 Na4 18. Ba1 c5 19. bxc5 Naxc5 20. Bxe4 Nxe4 21. f4 Qg6 22. Re1 Rac8 23. Rd7 Bxe2 24. Qxe2 Rf7 25.
Rxf7 Qxf7 26. Bd4 Qc7 27. Qb5 Qc2 28. Rf1 Qxa2 29. Qd7 Rf8 30. h3 h6 31. Qe7 Rc8 32. Qd7 Rc2 33. Qe8+ Kh7 0-1

[Event "*** SCC Grand Prix: Titled Tuesday Blitz"]
[Site "Chess.com"]
[Date "2020.09.29"]
[Round "3"]
[White "Synctel"]
[Black "eCztery"]
[Result "0-1"]
[WhiteElo "1990"]
[BlackElo "2320"]
[TimeControl "180+1"]
[EndTime "10:26:30 PDT"]
[Termination "eCztery won on time"]

1. e4 c5 2. Ne2 e5 3. Nbc3 Nc6 4. Nd5 g6 5. Nec3 Bg7 6. Bc4 Nge7 7. a4 O-O 8. d3 h6 9. O-O d6 10. f4 exf4 11. Bxf4 Nxd5 12. Nxd5 Be6 13. c3 Kh7 14.
Qd2 a6 15. Rf2 Rb8 16. Raf1 b5 17. axb5 axb5 18. Bb3 f5 19. exf5 Rxf5 20. Ne3 Rxf4 21. Bxe6 Rxf2 22. Qxf2 Qg5 23. Bd5 Rf8 24. Qe2 Re8 25.
Qf3 Ne5 26. Qe4 Re7 27. h4 Qg3 0-1

[Event "*** SCC Grand Prix: Titled Tuesday Blitz"]
[Site "Chess.com"]
[Date "2020.09.29"]
[Round "3"]
[White "Sergey85Rodchenkov"]
[Black "nitpicker"]
[Result "1-0"]
[WhiteElo "2448"]
[BlackElo "2261"]
[TimeControl "180+1"]
[EndTime "10:26:32 PDT"]
[Termination "Sergey85Rodchenkov won by resignation"]

1. e4 c5 2. Nf3 Nc6 3. d4 cxd4 4. Nxd4 Nf6 5. Nc3 d6 6. Bc4 Qb6 7. Ndb5 a6 8. Be3 Qa5 9. Nd4 e6 10. O-O Be7 11. Bb3 O-O 12. f4 Qc7 13. Kh1 b5 14. f5 Nxd4 15. Qxd4 e5 16. Qd3 Bb7 17. Bg5 Rac8 18. Bxf6 Bxf6 19. a4 b4 20. Nd5 Bxd5 21. Qxd5 Qb6 22. Rad1 Qc6 23. Qd3 h6 24. Rf3 Rfd8 25.
Qe2 a5 26. Rfd3 Bg5 27. g3 Qc7 28. Kg2 Bf6 29. h4 Qe7 30. Kh3 d5 31. Rxd5 Rxd5 32.
Rxd5 Rd8 33. Qd3 Rxd5 34. Qxd5 Qc7 35. Bc4 Qa7 36. b3 Kh7 37. Qxf7 Qxf7 38. Bxf7 g5 39. fxg6+ Kg7 40. Kg4 Be7 41. Kf5 1-0

[Event "*** SCC Grand Prix: Titled Tuesday Blitz"]
[Site "Chess.com"]
[Date "2020.09.29"]
[Round "3"]
[White "Nachsueb"]
[Black "Julianos82"]
[Result "0-1"]
[WhiteElo "1972"]
[BlackElo "2317"]
[TimeControl "180+1"]
[EndTime "10:26:32 PDT"]
[Termination "Julianos82 won by resignation"]

1. c4 e6 2. Nc3 b6 3. d4 Bb7 4. e4 Bb4 5. f3 f5 6. Bd3 Nf6 7.
e5 Nh5 8. Ne2 Bxc3+ 9. bxc3 Qh4+ 10. g3 Qh3 11. Nf4 Nxf4 12. Bxf4 Qg2 13. Rf1 Nc6 14.
Qe2 Qxe2+ 15. Kxe2 Na5 16. d5 Ba6 17. g4 Bxc4 18.
dxe6 dxe6 19. gxf5 exf5 20. Bg5 h6 21. Bh4 g5 22.
Bf2 O-O-O 23. Bxc4 Nxc4 24. Rfd1 c5 25. h4 Rxd1 26.
Rxd1 Rd8 27. Rg1 Rd2+ 28. Ke1 Rxa2 29. hxg5 Ra1+ 30. Ke2 Rxg1 31. Bxg1 hxg5 32. Bh2 Kd7 33. Kd3 Na5 0-1

[Event "*** SCC Grand Prix: Titled Tuesday Blitz"]
[Site "Chess.com"]
[Date "2020.09.29"]
[Round "3"]
[White "szachuspl"]
[Black "queen_iryna"]
[Result "1-0"]
[WhiteElo "2512"]
[BlackElo "2300"]
[TimeControl "180+1"]
[EndTime "10:26:33 PDT"]
[Termination "szachuspl won by resignation"]

1. d4 d5 2. c4 c6 3. Nf3 Nf6 4. Nc3 e6 5. Bg5 h6 6. Bxf6 Qxf6 7. e3 Bb4 8. Qb3 Bxc3+ 9. bxc3 O-O 10. Be2 Nd7 11.
cxd5 exd5 12. O-O Re8 13. c4 Nb6 14. c5 Nc4 15. Bxc4 dxc4 16. Qxc4 Be6 17. Qb4 Bd5 18. Ne1 Re7 19. Rc1 Bxa2 20. Nd3 Bd5 21. Nf4 Be4 22. Ra1 g5 23. Ne2 Bd3 24. Rfe1 Bxe2 25. Rxe2 Rd8 26. Rb2 a6 27. g3 Qf3 28. Qb3 Rde8 29. Qd1 Qd5 30.
Rab1 f5 31. Qh5 Kg7 32. Rxb7 Qe4 33. Qxe8 Kf6 34. Qxe7+ 1-0

[Event "*** SCC Grand Prix: Titled Tuesday Blitz"]
[Site "Chess.com"]
[Date "2020.09.29"]
[Round "3"]
[White "FontVella8"]
[Black "esrosenberg"]
[Result "1-0"]
[WhiteElo "2475"]
[BlackElo "2207"]
[TimeControl "180+1"]
[EndTime "10:26:35 PDT"]
[Termination "FontVella8 won by checkmate"]

1. e4 e5 2. Nc3 Nf6 3. g3 Nc6 4. Bg2 Bc5 5. Nge2 a6 6. O-O Ba7 7. d3 d6 8. h3 h5 9. Bg5 h4 10.
gxh4 Ne7 11. Ng3 Be6 12. h5 Qd7 13. h6 gxh6 14. Bxf6 Rg8 15. Kh2 O-O-O 16. Nd5 Bxd5 17. exd5 Rg6 18. Bxe7 Qxe7 19. Be4 Rg5 20. Qf3 Rdg8 21. Rg1 h5 22. Nf5 Qf6 23. Rxg5 Qxg5 24. h4 Qf6 25. Rg1 Rxg1 26. Kxg1 Kb8 27. Qxh5 Bxf2+ 28. Kxf2 c6 29.
Qg5 Qh8 30. Nxd6 cxd5 31. Qe7 dxe4 32. Qxb7# 1-0

[Event "*** SCC Grand Prix: Titled Tuesday Blitz"]
[Site "Chess.com"]
[Date "2020.09.29"]
[Round "3"]
[White "CM_rui"]
[Black "BikingBrian"]
[Result "1/2-1/2"]
[WhiteElo "2391"]
[BlackElo "2205"]
[TimeControl "180+1"]
[EndTime "10:26:37 PDT"]
[Termination "Game drawn by agreement"]

1. e4 c5 2. Nf3 g6 3. c4 Nc6 4. d4 cxd4 5. Nxd4 Nf6 6. Nc3 d6 7. Be2 Nxd4 8. Qxd4 Bg7 9. Be3 O-O 10. Qd2 a5 11. O-O a4 12. f3 Qa5 13. Rac1 Be6 14.
Rfd1 Rfc8 15. b3 axb3 16. axb3 Qb4 17. Na4 Qxd2 18. Rxd2 Nd7 19. Rcd1 b5 20. Nb2 Ra3 21. cxb5 Rxb3 22. Nd3 Rxb5 23. Nf4 Rb2 24. Nxe6 Rxd2 25.
Rxd2 fxe6 26. Bb5 Nc5 27. Bc4 Kf7 28. Ba2 Rb8 29. Kf2 Rb2 30. Rxb2 Bxb2 31. Bxc5 dxc5 32.
Bc4 Bd4+ 33. Kg3 Kf6 1/2-1/2

[Event "*** SCC Grand Prix: Titled Tuesday Blitz"]
[Site "Chess.com"]
[Date "2020.09.29"]
[Round "3"]
[White "markberk"]
[Black "kagg1125"]
[Result "1-0"]
[WhiteElo "2378"]
[BlackElo "2544"]
[TimeControl "180+1"]
[EndTime "10:26:38 PDT"]
[Termination "markberk won by resignation"]

1. Nf3 Nf6 2. g3 g6 3. Bg2 Bg7 4. O-O O-O 5. d4 c5 6. dxc5 Na6 7. Be3 Ne4 8. Bd4 Nexc5 9. Bxg7 Kxg7 10. Nc3 d6 11. e4 Bg4 12. h3 Bxf3 13. Qxf3 Nc7 14. Qe3 N7e6 15. e5 Rc8 16. Rad1 Qa5 17. exd6 exd6 18.
Rxd6 Rfd8 19. Rxd8 Rxd8 20. a3 Nd7 21. Rd1 Nf6 22.
Rxd8 Nxd8 23. Qe7 Qb6 24. Qb4 Qc7 25. Qd4 Nc6 26. Qxf6+ 1-0

[Event "*** SCC Grand Prix: Titled Tuesday Blitz"]
[Site "Chess.com"]
[Date "2020.09.29"]
[Round "3"]
[White "dominikaf"]
[Black "PattyCastillo"]
[Result "1-0"]
[WhiteElo "2330"]
[BlackElo "1995"]
[TimeControl "180+1"]
[EndTime "10:26:38 PDT"]
[Termination "dominikaf won by resignation"]

1. d4 d5 2. Bf4 c5 3. e3 Nf6 4. Nd2 Nc6 5. c3 Bf5 6. Qb3 Qc8 7. Ngf3 e6 8. Be2 c4 9. Qd1 Be7 10. h3 h6 11. O-O O-O 12. Ne5 b5 13. Bf3 a5 14. Rc1 Nd7 15. a4 Ndxe5 16. dxe5 b4 17. e4 dxe4 18. Nxe4 Bxe4 19. Bxe4 Rd8 20. Qf3 Ra6 21.
cxb4 Nxb4 22. Bb7 Qc5 23. Bxa6 Nxa6 24. Qc3 Rc8 25. Be3 Qb4 26. Rfd1 Qxc3 27. Rxc3 Bb4 28. Rc2 Nc5 29. Rxc4 1-0

[Event "*** SCC Grand Prix: Titled Tuesday Blitz"]
[Site "Chess.com"]
[Date "2020.09.29"]
[Round "3"]
[White "Eliwood44"]
[Black "IsaacWiebe"]
[Result "1-0"]
[WhiteElo "2428"]
[BlackElo "2244"]
[TimeControl "180+1"]
[EndTime "10:26:39 PDT"]
[Termination "Eliwood44 won by resignation"]

1. d4 d5 2. Nf3 Nf6 3. c4 e6 4. g3 b6 5. cxd5 exd5 6. Bg2 Bb7 7. O-O c5 8. Nc3 Be7 9. Bf4 O-O 10. Qa4 Nbd7 11.
Rfd1 c4 12. Ne5 a6 13. Nc6 Qe8 14. Nxd5 Nxd5 15. Bxd5 b5 16. Qc2 Nf6 17. Nxe7+ Qxe7 18. Bxb7 Qxb7 19. f3 Nd5 20. Bd2 Rfe8 21. e4 Nb6 22. b3 Rad8 23. Be3 Nd5 24. Bf2 Nb4 25.
Qc3 Nd3 26. bxc4 bxc4 27. Qxc4 Nxf2 28. Kxf2 Rc8 29. Qe2 f5 30. Rab1 Qf7 31. Kg1 fxe4 32. fxe4 Qg6 33. Re1 Red8 34. Rbd1 h5 35. e5 h4 36. Qe4 Qxe4 37. Rxe4 hxg3 38. hxg3 Rc2 39. d5 Rxa2 40. d6 Rb8 41. d7 Rd8 42. e6 1-0

[Event "*** SCC Grand Prix: Titled Tuesday Blitz"]
[Site "Chess.com"]
[Date "2020.09.29"]
[Round "3"]
[White "Shuvalov"]
[Black "mfwagnerpeixoto"]
[Result "1-0"]
[WhiteElo "2425"]
[BlackElo "2218"]
[TimeControl "180+1"]
[EndTime "10:26:40 PDT"]
[Termination "Shuvalov won by resignation"]

1. e4 c5 2. Nf3 g6 3. d4 cxd4 4.
Nxd4 Bg7 5. Be3 Nf6 6. Nc3 d6 7. f3 O-O 8. Bc4 Nc6 9. Qd2 Bd7 10. O-O-O Ne5 11. Bb3 Rb8 12. h4 b5 13. Kb1 Nc4 14. Bxc4 bxc4 15. Ka1 Qa5 16. Rb1 Rfc8 17. g4 Qa6 18. h5 Rc5 19. hxg6 fxg6 20. a3 Ra5 21.
Na2 e5 22. Ne2 Be6 23. Nec3 d5 24. exd5 Nxd5 25. Nxd5 Rxd5 26. Nb4 Qd6 27. Nxd5 Bxd5 28. Rhd1 Rb5 29. Bh6 e4 30. Bxg7 Kxg7 31. fxe4 1-0

[Event "*** SCC Grand Prix: Titled Tuesday Blitz"]
[Site "Chess.com"]
[Date "2020.09.29"]
[Round "3"]
[White "RobPeresian"]
[Black "Resignify"]
[Result "0-1"]
[WhiteElo "2409"]
[BlackElo "2238"]
[TimeControl "180+1"]
[EndTime "10:26:42 PDT"]
[Termination "Resignify won by checkmate"]

1. Nf3 Nf6 2. c4 g6 3. Nc3 Bg7 4. e4 d6 5. d4 O-O 6. h3 Nbd7 7. Bg5 c5 8. d5 h6 9. Be3 a6 10. a4 b6 11. Bd3 Rb8 12. O-O Ne8 13.
Qd2 Kh7 14. Rae1 Nc7 15. Nh2 Ne5 16. f4 Nxd3 17. Qxd3 b5 18. axb5 axb5 19. cxb5 Bd7 20.
e5 Nxb5 21. e6 fxe6 22. dxe6 Bc6 23. f5 Nxc3 24. fxg6+ Kg8 25. bxc3 Rb2 26. Rf7 Rxg2+ 27. Kf1 Rxh2 28. Qf5 Qa8 29. c4 Be4 30. Qg4 Bd3+ 31.
Kg1 Qh1# 0-1

[Event "*** SCC Grand Prix: Titled Tuesday Blitz"]
[Site "Chess.com"]
[Date "2020.09.29"]
[Round "3"]
[White "deribas12345"]
[Black "WPWPWP-2015"]
[Result "0-1"]
[WhiteElo "2622"]
[BlackElo "2420"]
[TimeControl "180+1"]
[EndTime "10:26:43 PDT"]
[Termination "WPWPWP-2015 won on time"]

1. d4 Nf6 2. c4 e6 3. Nc3 Bb4 4.
a3 Bxc3+ 5. bxc3 O-O 6. f3 d6 7.
e4 e5 8. Bd3 c5 9. d5 Nh5 10.
Ne2 f5 11. exf5 Bxf5 12. Bxf5 Rxf5 13. g4 Rxf3 14. gxh5 Qh4+ 15. Kd2 Qxc4 16. Qc2 Nd7 17. Rb1 Nf6 18. Ke1 Qh4+ 19. Kd1 Ne4 20. Re1 Nf2+ 21.
Kd2 Qg5+ 22. Nf4 Qxf4+ 23. Ke2 Qc4+ 24. Kxf3 Rf8+ 25. Kg2 Qg4+ 26. Kf1 Nd1+ 27. Bf4 Rxf4+ 0-1

[Event "*** SCC Grand Prix: Titled Tuesday Blitz"]
[Site "Chess.com"]
[Date "2020.09.29"]
[Round "3"]
[White "chessmachine14"]
[Black "AlexSuv"]
[Result "0-1"]
[WhiteElo "2293"]
[BlackElo "2510"]
[TimeControl "180+1"]
[EndTime "10:26:45 PDT"]
[Termination "AlexSuv won by resignation"]

1. e4 c5 2. Nf3 e6 3. d4 cxd4 4. Nxd4 Nc6 5. Nc3 Qc7 6. g3 a6 7. Bg2 Nf6 8. O-O Nxd4 9. Qxd4 Bc5 10. Bf4 d6 11. Qd3 h6 12. Rad1 e5 13. Be3 O-O 14. h3 Be6 15. Na4 Bxe3 16. Qxe3 Qxc2 17. Rc1 Qxa4 18.
a3 Rac8 19. Qb6 Qb5 20. Qxd6 Rxc1 21. Rxc1 Qxb2 22. Rc7 Qb1+ 23. Kh2 Nxe4 24. Qxe5 Nxf2 25. Qe3 Qa2 26. g4 Nd1 27. Qd4 Qb2 28. Qxd1 Qe5+ 29. Kh1 Qxc7 30. Qb1 b5 31. Qe4 Rc8 32. Bf1 Qc6 33. Bg2 Qxe4 34. Bxe4 Rc3 0-1

[Event "*** SCC Grand Prix: Titled Tuesday Blitz"]
[Site "Chess.com"]
[Date "2020.09.29"]
[Round "3"]
[White "HanSchut"]
[Black "Makswolf200817"]
[Result "0-1"]
[WhiteElo "2236"]
[BlackElo "2425"]
[TimeControl "180+1"]
[EndTime "10:26:46 PDT"]
[Termination "Makswolf200817 won by resignation"]

1. e4 e6 2. d4 d5 3. Nd2 c5 4.
Ngf3 a6 5. exd5 exd5 6. dxc5 Bxc5 7. Nb3 Bb6 8. Qe2+ Qe7 9. Qxe7+ Nxe7 10. c3 Bf5 11. Nbd4 Bg6 12. Be3 Nd7 13. O-O-O f6 14. Bd3 Kf7 15. Bxg6+ hxg6 16. Rhe1 Rac8 17. h3 Nc5 18.
Kb1 Ne4 19. Nd2 Nc5 20. N2b3 Na4 21. Nc2 Bxe3 22. Nxe3 Rhd8 23. Rd4 b5 24. Red1 Nb6 25. Nc1 Nc6 26. R4d2 Ne5 27. Nxd5 Nbc4 28. Rd4 Nc6 29.
R4d3 N6e5 30. Rd4 a5 31. Ne3 Re8 32. f4 Nxe3 33. fxe5 Nxd1 34. Rxd1 Rxe5 35. Kc2 Ke7 36. Rd4 Rd8 37. Rg4 g5 38. h4 Rh8 39. Kd2 Rxh4 0-1

[Event "*** SCC Grand Prix: Titled Tuesday Blitz"]
[Site "Chess.com"]
[Date "2020.09.29"]
[Round "3"]
[White "Tenamu"]
[Black "Chamal_Gedgafov"]
[Result "1-0"]
[WhiteElo "2358"]
[BlackElo "2132"]
[TimeControl "180+1"]
[EndTime "10:26:46 PDT"]
[Termination "Tenamu won on time"]

1. d4 Nf6 2. Nc3 e6 3. e4 d5 4. exd5 exd5 5. Bd3 Bb4 6. Ne2 O-O 7. O-O Bg4 8. f3 Bh5 9. a3 Ba5 10. Bf4 Nc6 11. Kh1 Re8 12. Qd2 a6 13. Rad1 Bg6 14.
Bxg6 hxg6 15. b4 Bb6 16. Na4 Qd7 17. Nxb6 cxb6 18. Nc3 b5 19. Bg5 Ne7 20. Bxf6 gxf6 21. g4 Rac8 22. Ne2 Rc6 23. c3 Nc8 24. Ng3 Nd6 25.
Rde1 Rec8 26. Qf4 Kg7 27. Rg1 Ne8 28. Nf5+ Kg8 29. Qh6 Re6 30. h4 Rxc3 31. h5 Rxf3 32. hxg6 fxg6 33. Qxg6+ Kf8 34. Qh6+ Kg8 35. g5 1-0

[Event "*** SCC Grand Prix: Titled Tuesday Blitz"]
[Site "Chess.com"]
[Date "2020.09.29"]
[Round "3"]
[White "Rogarcia1"]
[Black "Colombiano07"]
[Result "0-1"]
[WhiteElo "2098"]
[BlackElo "2349"]
[TimeControl "180+1"]
[EndTime "10:26:46 PDT"]
[Termination "Colombiano07 won by resignation"]

1. e4 e6 2. d4 d5 3. e5 c5 4. c3 Nc6 5. Nf3 Qb6 6. Be2 Nh6 7. Bxh6 Qxb2 8. Be3 Qxa1 9. Qc2 Bd7 10. O-O cxd4 11.
Nxd4 Nxe5 12. Nd2 Qxf1+ 13. Kxf1 a6 14. f4 Ng6 15. f5 Ne5 16. Bf4 Bd6 17. N2f3 Ng4 18.
Qd2 e5 19. Bg3 h5 20. Qg5 Be7 21. Qxg7 Bf6 22. Bxe5 Bxg7 23. Bxg7 Rg8 24. Be5 Ne3+ 25.
Kf2 Nxf5 26. Nxf5 Bxf5 27. Nd4 Be6 28. Bxh5 Ke7 29. Bf3 Rac8 30. g3 Rxc3 31. Nxe6 Rc2+ 32. Ke3 Kxe6 33. Bd4 Rxh2 0-1

[Event "*** SCC Grand Prix: Titled Tuesday Blitz"]
[Site "Chess.com"]
[Date "2020.09.29"]
[Round "3"]
[White "Kaua18"]
[Black "pastouche06"]
[Result "0-1"]
[WhiteElo "2259"]
[BlackElo "2493"]
[TimeControl "180+1"]
[EndTime "10:26:47 PDT"]
[Termination "pastouche06 won by resignation"]

1. e4 c6 2. d4 d5 3. Nc3 b5 4. a3 a6 5. Nf3 Bg4 6. h3 Bxf3 7. Qxf3 e6 8. Bf4 Nf6 9. g4 b4 10. axb4 Bxb4 11. exd5 cxd5 12. Bd3 Nc6 13. Be5 Nxe5 14. dxe5 Nd7 15. Qg3 Qc7 16. O-O Bxc3 17. bxc3 Qxc3 18. Bxa6 Qxg3+ 19. fxg3 Nxe5 20. Rfe1 Nf3+ 21. Kf2 Nxe1 22. Bb5+ Ke7 23. Rxe1 Rhc8 24. Bd3 h6 25. Kf3 Ra3 26. h4 Kf6 27. Re2 e5 28. Kg2 e4 29.
Rf2+ Ke7 30. Bb5 Rcc3 31. Rf5 Rxg3+ 32. Kh2 Rh3+ 33. Kg2 Rag3+ 34. Kf2 Rf3+ 0-1

[Event "*** SCC Grand Prix: Titled Tuesday Blitz"]
[Site "Chess.com"]
[Date "2020.09.29"]
[Round "3"]
[White "MVM2008"]
[Black "chegueps"]
[Result "1-0"]
[WhiteElo "2215"]
[BlackElo "2455"]
[TimeControl "180+1"]
[EndTime "10:26:48 PDT"]
[Termination "MVM2008 won by resignation"]

1. d4 f5 2. e4 fxe4 3. Nc3 Nf6 4. f3 Nc6 5. fxe4 e5 6. Nf3 Bb4 7. dxe5 Nxe4 8. Bc4 d5 9. exd6 Nxc3 10. bxc3 Bxc3+ 11. Bd2 Bxa1 12. Qxa1 cxd6 13. O-O Qf6 14. Bc3 Qf4 15. Bxg7 Qxc4 16. Bxh8 Be6 17. Qf6 Qc5+ 18. Kh1 Qf5 19. Qh4 Kd7 20. Ne5+ dxe5 21. Rxf5 Bxf5 22. Bf6 Ke6 23.
Bg5 Rg8 24. Qc4+ Kd7 25. Qxg8 Be6 26. Qg7+ Kd6 27. Qf6 Nd4 28. Qg7 Bd5 29. Qf8+ Ke6 30. h4 Nf5 31. Qf6+ Kd7 32. Qxf5+ Kd6 33. Qf6+ Kc5 34.
Qxe5 Kc6 35. Be3 1-0

[Event "*** SCC Grand Prix: Titled Tuesday Blitz"]
[Site "Chess.com"]
[Date "2020.09.29"]
[Round "3"]
[White "Anna_ChessMate"]
[Black "ferdipy"]
[Result "1-0"]
[WhiteElo "2571"]
[BlackElo "2368"]
[TimeControl "180+1"]
[EndTime "10:26:50 PDT"]
[Termination "Anna_ChessMate won by resignation"]

1. d4 Nf6 2. c4 e6 3. Nf3 Bb4+ 4. Bd2 Qe7 5. g3 Nc6 6. Bg2 Bxd2+ 7. Nbxd2 d6 8. O-O O-O 9. e4 e5 10. d5 Nb8 11. b4 a5 12. a3 Na6 13. Qb3 Bg4 14. Rac1 c6 15. Rfe1 Rfc8 16. c5 dxc5 17. d6 Qxd6 18.
Nc4 Qc7 19. Nfxe5 axb4 20. Nxg4 Nxg4 21. e5 Re8 22. f4 bxa3 23. h3 Nh6 24. Nd6 Re7 25.
Qxa3 Rd8 26. g4 Kh8 27. Rb1 Rxd6 28. exd6 Rxe1+ 29. Rxe1 Qxd6 30. Re8+ Ng8 31. Qb3 Qd4+ 32. Kh1 c4 33. Qxb7 g6 34. Qxf7 Qg7 35. Qxc4 Nc7 36.
Rc8 Ne6 37. Qxe6 1-0

[Event "*** SCC Grand Prix: Titled Tuesday Blitz"]
[Site "Chess.com"]
[Date "2020.09.29"]
[Round "3"]
[White "renehp"]
[Black "Larina_Marija"]
[Result "1-0"]
[WhiteElo "2470"]
[BlackElo "2198"]
[TimeControl "180+1"]
[EndTime "10:26:50 PDT"]
[Termination "renehp won by checkmate"]

1. e4 c6 2. d4 d5 3. Nc3 dxe4 4.
Nxe4 Nf6 5. Nxf6+ exf6 6. c3 Bd6 7. Bd3 O-O 8. Ne2 Re8 9. Qc2 h5 10. O-O h4 11. Bf4 h3 12. Bxd6 hxg2 13. Rfe1 Qxd6 14. Ng3 Qd8 15. Qd2 Bh3 16. Qf4 Be6 17. Qh4 g6 18. Qh6 Nd7 19. Bxg6 fxg6 20. Qxg6+ Kf8 21. Nh5 Re7 22. Qh6+ Ke8 23. Rxe6 Rxe6 24. Ng7+ Kf7 25. Nxe6 Kxe6 26. Re1+ Kd6 27. Qf4+ Kd5 28. b3 c5 29.
c4+ Kc6 30. Re6# 1-0

[Event "*** SCC Grand Prix: Titled Tuesday Blitz"]
[Site "Chess.com"]
[Date "2020.09.29"]
[Round "3"]
[White "SergioGarciaFuentes"]
[Black "amiralfio"]
[Result "0-1"]
[WhiteElo "2184"]
[BlackElo "2467"]
[TimeControl "180+1"]
[EndTime "10:26:50 PDT"]
[Termination "amiralfio won on time"]

1. Nf3 f5 2. d3 Nc6 3. e4 e5 4.
Nc3 Nf6 5. exf5 d5 6. d4 e4 7. Nh4 Bd6 8. h3 Qe7 9. Bg5 Qf7 10. Be2 Ne7 11. g4 Bd7 12. Qd2 O-O-O 13. O-O-O Kb8 14. Kb1 g6 15. Bxf6 Qxf6 16. g5 Qf7 17. f6 Nf5 18.
Nxf5 gxf5 19. Rdg1 f4 20. Bg4 h6 21. Bxd7 Rxd7 22. h4 Rdd8 23. Qd1 f3 24. Qf1 Rdg8 25.
Qc1 c6 26. Nd1 Qg6 0-1